 Dungeon Crawl Stone Soup version 0.20.0-8-g6b59dc7 (webtiles) character file.

41990 inmateoo the Grappler (level 13, -17/116 HPs)
             Began as a Minotaur Monk on May 31, 2017.
             Was the Champion of Cheibriados.
             Demolished by a balrug
             ... wielding a +0 demon whip of electrocution
              (21 damage)
             ... on level 2 of the Abyss.
             The game lasted 00:18:08 (13079 turns).

inmateoo the Grappler (Minotaur Monk)              Turns: 13079, Time: 00:18:09

Health: -17/116    AC: 15    Str: 41    XL:     13   Next: 83%
Magic:  0/15       EV: 23    Int: 22    God:    Cheibriados [******]
Gold:   667        SH:  8    Dex: 37    Spells: 12/19 levels left

rFire    . . .     SeeInvis +     - Unarmed
rCold    . . .     Gourm    .   k - +0 buckler
rNeg     . . .     Faith    .   t - +3 chain mail "Tilibreth" {+Fly Str+4 SInv}
rPois    .         Spirit   +   D - +2 hat {SInv}
rElec    .         Reflect  .   G - scarf {Spirit}
rCorr    .         Harm     .   a - +1 pair of gloves
MR       .....     Rnd*Rage +   (no boots)
Stlth    ..........             H - amulet of regeneration
Regen    0.7/turn               J - +3 ring of dexterity
MPRegen  0.2/turn               r - +5 ring of dexterity

@: very slow
A: retaliatory headbutt, horns 2, repulsion field 1, [berserk 1], deformed body,
low mp 1, strong 1
a: Bend Time, Temporal Distortion, Slouch, Step From Time, Renounce Religion,
Evoke Flight


You were on level 2 of the Abyss.
You worshipped Cheibriados.
Cheibriados was exalted by your worship.
You were not hungry.

You visited 2 branches of the dungeon, and saw 15 of its levels.
You visited the Abyss 1 time.

You collected 904 gold pieces.
You spent 237 gold pieces at shops.

Inventory:

Armour
 a - a +1 pair of gloves (worn)
 k - a +0 buckler (worn)
 t - the +3 chain mail "Tilibreth" (worn) {+Fly Str+4 SInv}
   (You bought it in a shop on level 7 of the Dungeon)

   It affects your strength (+4).
   It lets you see invisible.
   It lets you fly.
 w - the +6 leather armour "Wifant Teti" {rF+ Int+3, unknown}
   (You found it on level 7 of the Dungeon)

   It affects your intelligence (+3).
   It protects you from fire.
 D - a +2 hat of see invisible (worn)
 G - a scarf of spirit shield (worn)
Jewellery
 j - a +5 ring of intelligence {unknown}
 r - a +5 ring of dexterity (right hand)
 H - an amulet of regeneration (around neck)
 J - a +3 ring of dexterity (left hand)
 K - an uncursed ring of resist corrosion
Wands
 e - a wand of iceblast (4/15)
 s - a wand of polymorph (9/24)
 u - a wand of iceblast (9/15)
 y - a wand of confusion (20/48)
 E - a wand of paralysis (11/24)
 L - a wand of acid (1/15)
 M - a wand of confusion (26/48)
 N - a wand of confusion (24/48)
 O - a wand of paralysis (7/24)
 Q - a wand of paralysis (5/24)
 S - a wand of lightning (6/15)
 T - a wand of acid (5/15)
 U - a wand of confusion (19/48)
Scrolls
 h - 3 scrolls of blinking
 l - 2 scrolls of fear
 m - 8 scrolls of enchant armour
 o - 4 scrolls of magic mapping
 p - 5 scrolls of remove curse
 z - a scroll of enchant weapon
 C - 4 scrolls of amnesia
 F - a scroll of summoning
 R - 2 scrolls of teleportation
Potions
 c - 3 potions of brilliance
 d - a potion of might
 f - 4 potions of cancellation
 i - 2 potions of agility
 n - 4 potions of lignification
 q - a potion of heal wounds
 v - 13 potions of curing
 A - 3 potions of magic
 I - a potion of resistance
 P - a potion of mutation
Comestibles
 b - 14 bread rations
 g - 8 fruits
 x - 5 royal jellies
 B - 7 meat rations


   Skills:
 + Level 11.0 Fighting
 + Level 10.1 Armour
 + Level 9.8 Dodging
 - Level 1.5 Stealth
 - Level 4.9 Shields
 * Level 13.5 Unarmed Combat
 + Level 3.7 Spellcasting
 * Level 6.5 Transmutations
 * Level 6.5 Earth Magic
 + Level 7.3 Invocations


You had 12 spell levels left.
You knew the following spells:

 Your Spells              Type           Power        Failure   Level  Hunger
a - Statue Form           Tmut/Erth      ####.....    97%         6    #######
b - Apportation           Tloc           #.....       32%         1    None


Dungeon Overview and Level Annotations

Branches:
Dungeon (14/15)            Temple (1/1) D:5            Lair (0/6) D:10
    Orc (0/2) D:9          Vaults (0/5) D:14

Altars:
Ashenzari
Cheibriados
Dithmenos
Elyvilon
Fedhas
Gozag
Kikubaaqudgha
Makhleb
Nemelex Xobeh
Okawaru
Qazlal
Ru
Sif Muna
Trog
Vehumet
Xom
Yredelemnul
Zin
The Shining One

Shops:
D:7 [   D:8 %


Innate Abilities, Weirdness & Mutations

You reflexively headbutt those who attack you in melee.
You have a pair of horns on your head.
You are surrounded by a mild repulsion field. (EV +2)
Armour fits poorly on your strangely shaped body.
Your magical capacity is low. (-10% MP)
Your muscles are strong. (Str +2)
[You tend to lose your temper in combat.]


Message History

You headbutt the balrug, but do no damage.
The balrug is heavily wounded.
The balrug hits you with a demon whip of electrocution!
You are engulfed in flames!!
You pummel the balrug!!
The balrug is almost dead.
You block the balrug's attack.
You barely miss the balrug. Your headbutt misses the balrug.
The balrug is almost dead.
The balrug hits you with a demon whip of electrocution!
* * * LOW HITPOINT WARNING * * *
You are engulfed in flames!!
* * * LOW HITPOINT WARNING * * *
Unknown command.
You hit the balrug but do no damage. You headbutt the balrug.
The balrug is almost dead.
The balrug hits you with a demon whip of electrocution.
* * * LOW HITPOINT WARNING * * *
You are engulfed in flames!!
You die...

..#.#.# #.
#......# ####
#..#.#
).###.#.. #
...###.. ...#
## ..##..##.##
####.#.#.#.#
#...#.#.#
#..2.# #.@#.#
####2#######
#..)........
..2.....####.##
####.#### #. #


You could see a balrug.

Vanquished Creatures
  Gastronok (D:8)
  Frances (D:13)
  Agnes (D:14)
  A white draconian (Abyss:2)
  Snorg (D:13)
  Josephine (D:13)
  2 hydras
  5 two-headed ogres
  A wretched star (Abyss:2)
  A glowing orange brain (Abyss:2)
  An unseen horror (D:12)
  A wizard (D:14)
  Pikel (D:7)
  A necromancer (D:14)
  A deep elf mage (D:13)
  4 ugly things (D:13)
  2 cyclopes
  2 worldbinders (Abyss:2)
  A manticore (D:12)
  8 slime creatures
  Maurice (D:11)
  Psyche (D:8)
  A centaur zombie (D:13)
  A smoke demon (Abyss:2)
  3 gargoyles
  The ghost of Monsterracer the Basher, a novice GrCK of Okawaru (D:6)
  4 kobold demonologists
  An ancient zyme (Abyss:2)
  7 trolls
  A harpy skeleton (D:11)
  4 hippogriffs
  A hornet (D:7)
  The ghost of Monsterracer the Cudgeler, an amateur GrCK (D:4)
  A spriggan (D:7)
  2 wyverns
  A shadow (D:14)
  5 wraiths
  12 yaks
  Sigmund (D:4)
  Eustachio (D:4)
  A fire bat (D:13)
  A small abomination (Abyss:2)
  5 hungry ghosts
  A steam dragon (D:11)
  Menkaure (D:7)
  2 vampire mosquitoes (D:12)
  3 large abominations (Abyss:2)
  A water moccasin (D:14)
  2 porcupines (D:10)
  A hornet zombie (D:14)
  4 slaves (D:7)
  4 orc warriors
  5 ice beasts
  A sky beast (D:6)
  An eye of draining (D:10)
  2 black bears
  A necrophage (D:9)
  4 phantoms
  6 ogres
  18 centaurs
  4 crocodiles
  10 bullfrogs
  3 big kobolds
  A wyvern zombie (D:10)
  6 scorpions
  2 troll zombies (D:9)
  10 killer bees
  3 howler monkeys
  15 wights
  5 crimson imps
  4 bullfrog zombies
  4 jellies
  A quasit (D:8)
  10 hounds
  12 orc wizards
  3 centaur skeletons
  9 orc priests
  Crazy Yiuf (D:7)
  A bullfrog skeleton (D:10)
  3 iguanas
  11 worker ants
  6 ogre zombies (D:9)
  A hound zombie (D:5)
  A hound skeleton (D:6)
  A worker ant zombie (D:11)
  3 gnolls (D:6)
  12 adders
  A shadow imp (D:7)
  2 oozes
  2 adder zombies
  4 adder skeletons
  A worm (D:4)
  A dart slug (D:1)
  4 leopard geckos
  59 orcs
  2 ball pythons
  8 giant cockroaches
  9 goblins
  6 hobgoblins
  17 jackals
  5 quokkas
  9 bats
  7 frilled lizards
  A goblin skeleton (D:9)
  4 goblin zombies (D:9)
  3 hobgoblin skeletons (D:9)
  2 hobgoblin zombies (D:9)
  18 kobolds
  An orc skeleton (D:9)
  14 orc zombies (D:9)
  A quokka zombie (D:5)
  9 rats
483 creatures vanquished.

Vanquished Creatures (others)
  A wight (Abyss:2)
  9 fungi (D:10)
  2 plants (D:10)
12 creatures vanquished.

Grand Total: 495 creatures vanquished

Notes
Turn   | Place    | Note
-------+----------+-------------------------------------------
     0 | D:1      | inmateoo the Minotaur Monk began the quest for the Orb.
     0 | D:1      | Reached XP level 1. HP: 19/19 MP: 0/0
   187 | D:1      | Reached XP level 2. HP: 27/27 MP: 1/1
   229 | D:1      | Reached skill level 1 in Armour
   712 | D:1      | Reached XP level 3. HP: 30/33 MP: 2/2
   793 | D:1      | Reached skill level 4 in Unarmed Combat
  1326 | D:2      | Reached XP level 4. HP: 37/40 MP: 3/3
  2107 | D:3      | Reached skill level 1 in Shields
  2185 | D:3      | You fall through a shaft for 2 floors!
  2185 | D:5      | Entered Level 5 of the Dungeon
  2230 | D:5      | Found a staircase to the Ecumenical Temple.
  2263 | Temple   | Entered the Ecumenical Temple
  2368 | Temple   | Became a worshipper of Cheibriados the Contemplative
  2368 | Temple   | Reached * piety under Cheibriados
  2368 | Temple   | Reached ** piety under Cheibriados
  2468 | D:5      | Reached XP level 5. HP: 47/47 MP: 4/4
  2477 | D:5      | Reached skill level 5 in Unarmed Combat
  2499 | D:5      | Noticed a phantom
  2526 | D:5      | Killed a phantom
  2526 | D:5      | Reached XP level 6. HP: 49/53 MP: 5/5
  2533 | D:5      | Found a blossoming altar of Fedhas.
  2537 | D:5      | Noticed an ice beast
  2552 | D:5      | Killed an ice beast
  2702 | D:5      | Reached skill level 5 in Fighting
  2966 | D:5      | Reached skill level 6 in Unarmed Combat
  2985 | D:5      | Reached XP level 7. HP: 59/61 MP: 6/6
  3316 | D:6      | Reached skill level 5 in Dodging
  3329 | D:6      | Reached *** piety under Cheibriados
  3498 | D:6      | Found an opulent altar of Gozag.
  3528 | D:6      | Noticed Monsterracer's ghost (novice GrCK)
  3590 | D:4      | Noticed Sigmund
  3596 | D:4      | Killed Sigmund
  3596 | D:4      | Reached skill level 7 in Unarmed Combat
  3596 | D:4      | Reached XP level 8. HP: 68/70 MP: 7/7
  3665 | D:4      | Found a burning altar of Makhleb.
  3666 | D:4      | Noticed Monsterracer's ghost (amateur GrCK)
  3669 | D:4      | Found a transporter.
  3795 | D:4      | Found a transporter.
  4038 | D:4      | Noticed Eustachio
  4046 | D:4      | Killed Eustachio
  4372 | D:4      | Reached **** piety under Cheibriados
  4381 | D:4      | Killed Monsterracer's ghost
  4381 | D:4      | Reached skill level 5 in Armour
  4462 | D:6      | Reached skill level 8 in Unarmed Combat
  4762 | D:6      | Reached XP level 9. HP: 78/78 MP: 8/8
  4778 | D:6      | Killed Monsterracer's ghost
  4778 | D:6      | Reached skill level 1 in Invocations
  4963 | D:6      | Reached skill level 9 in Unarmed Combat
  5004 | D:6      | Reached ***** piety under Cheibriados
  5111 | D:7      | Found Pymn's Antique Armour Shop.
  5125 | D:7      | Bought a transparent chain mail for 237 gold pieces
  5136 | D:7      | Identified the +3 chain mail "Tilibreth" {+Fly Str+4 SInv} (You bought it in a shop on level 7 of the Dungeon)
  5141 | D:7      | Noticed Menkaure
  5145 | D:7      | Killed Menkaure
  5311 | D:7      | Noticed Pikel
  5316 | D:7      | Killed Pikel
  5492 | D:7      | Reached XP level 10. HP: 88/88 MP: 11/11
  5585 | D:7      | Reached skill level 10 in Unarmed Combat
  5758 | D:7      | Found a runed door.
  5823 | D:7      | Noticed Crazy Yiuf
  5827 | D:7      | Killed Crazy Yiuf
  5936 | D:7      | Got a fine leather armour
  6198 | D:8      | Noticed a two-headed ogre
  6201 | D:8      | Killed a two-headed ogre
  6323 | D:8      | Found an opulent altar of Gozag.
  6498 | D:8      | Noticed Gastronok
  6516 | D:8      | Killed Gastronok
  6516 | D:8      | Reached skill level 11 in Unarmed Combat
  6719 | D:8      | Found Gonnufeb's Food Shoppe.
  6828 | D:8      | Noticed Psyche
  6829 | D:8      | Paralysed by Psyche for 4 turns
  6839 | D:8      | Killed Psyche
  6979 | D:8      | Learned a level 6 spell: Statue Form
  7179 | D:9      | Noticed a two-headed ogre
  7186 | D:9      | Killed a two-headed ogre
  7186 | D:9      | Reached skill level 1 in Transmutations
  7186 | D:9      | Reached XP level 11. HP: 58/97 MP: 13/13
  7348 | D:9      | Reached skill level 1 in Earth Magic
  7590 | D:9      | Found a staircase to the Orcish Mines.
  7622 | D:9      | Reached skill level 5 in Invocations
  7623 | D:9      | Reached ****** piety under Cheibriados
  7821 | D:9      | Reached skill level 1 in Spellcasting
  8437 | D:10     | Entered Level 10 of the Dungeon
  8453 | D:10     | Found a staircase to the Lair.
  8605 | D:10     | Noticed a two-headed ogre
  8612 | D:10     | Killed a two-headed ogre
  9177 | D:10     | Reached skill level 12 in Unarmed Combat
  9380 | D:11     | Noticed a seven-headed hydra
  9381 | D:11     | Noticed Maurice
  9386 | D:11     | Killed a seven-headed hydra
  9393 | D:11     | Killed Maurice
  9862 | D:11     | Reached XP level 12. HP: 85/106 MP: 13/15
 10352 | D:12     | Reached skill level 10 in Fighting
 11180 | D:12     | Learned a level 1 spell: Apportation
 11222 | D:13     | Found a radiant altar of Vehumet.
 11304 | D:13     | Noticed Frances
 11318 | D:13     | Killed Frances
 11318 | D:13     | Reached skill level 5 in Transmutations
 11318 | D:13     | Reached skill level 5 in Earth Magic
 11605 | D:13     | Noticed Josephine
 11614 | D:13     | Killed Josephine
 11638 | D:13     | Reached XP level 13. HP: 107/114 MP: 13/17
 11702 | D:13     | Gained mutation: Your muscles are strong. (Str +2) [mutagenic meat]
 11769 | D:13     | Noticed Sonja
 11774 | D:13     | Noticed Sonja
 11774 | D:13     | Sonja changed into Sonja the fire bat
 11780 | D:13     | Killed Sonja the fire bat
 11810 | D:13     | Reached skill level 13 in Unarmed Combat
 11821 | D:13     | Gained mutation: You are surrounded by a mild repulsion field. (EV +2) [mutagenic meat]
 11822 | D:13     | Gained mutation: Armour fits poorly on your strangely shaped body. [mutagenic meat]
 11823 | D:13     | Gained mutation: Your magical capacity is low. (-10% MP) [mutagenic meat]
 11855 | D:13     | Noticed Snorg
 11868 | D:13     | Killed Snorg
 12484 | D:14     | Noticed Agnes
 12490 | D:14     | Killed Agnes
 12518 | D:14     | Found a gate to the Vaults.
 12657 | D:14     | Reached skill level 10 in Armour
 12680 | D:14     | Cast into level 2 of the Abyss (a wizard)
 12815 | Abyss:2  | Found a corrupted altar of Lugonu.
 12939 | Abyss:2  | Noticed a white draconian
 12971 | Abyss:2  | Killed a white draconian
 13070 | Abyss:2  | Noticed a balrug
 13079 | Abyss:2  | HP: 4/116 [balrug/demon whip of electrocution (2)]
 13079 | Abyss:2  | Demolished by a balrug

Skill      XL: |  1  2  3  4  5  6  7  8  9 10 11 12 13 |
---------------+----------------------------------------+-----
Armour         | 1 2 3 4 5 6 8 9 10 | 10.1
Unarmed Combat | 4 5 6 7 8 9 11 12 13 | 13.5
Fighting       | 4 5 6 7 9 10 11 | 11.0
Dodging        | 4 5 6 7 8 9 |  9.8
Shields        | 1 2 3 4 |  4.9
Invocations    | 3 4 5 6 7 |  7.3
Transmutations | 1 3 5 6 |  6.5
Earth Magic    | 3 5 6 |  6.5
Spellcasting   | 2 3 |  3.7
Stealth        | |  1.5

Action                   |  1- 3 |  4- 6 |  7- 9 | 10-12 | 13-15 || total
-------------------------+-------+-------+-------+-------+-------++-------
Melee: Unarmed           |    92 |    92 |   233 |   479 |   181 ||  1077
       Headbutt          |    15 |    28 |    76 |   180 |    96 ||   395
Invok: Slouch            |       |       |       |     2 |       ||     2
Evoke: Wand              |       |       |       |       |    10 ||    10
  Use: Scroll            |       |       |    16 |    10 |     2 ||    28
       Potion            |       |       |     1 |     1 |     2 ||     4
 Stab: Sleeping          |     1 |       |       |       |       ||     1
  Eat: Chunk             |     1 |     4 |     5 |    13 |     5 ||    28
       Royal jelly       |       |       |       |       |     2 ||     2
Armor: Robe              |    11 |       |       |       |       ||    11
       Chain mail        |    23 |    28 |    50 |   137 |    46 ||   284
Dodge: Dodged            |    52 |    50 |   115 |   394 |   163 ||   774
Block: Buckler           |     5 |    12 |    60 |   211 |    94 ||   382
